AoeStats
← starlord

Scandinavia

510313754Analyzed
1v1 RM · 2d ago on Sep 30, 2026· 40m 35s· 2 players
Game mode
Random Map
Map size
Tiny (2 player)
Population
200
Speed
Normal
Resources
Standard
Victory
Conquest
Starting age
Dark Age
Ending age
Imperial Age
RankedLock teamsTeams togetherTeam positionsShared explorationLock speedFull tech treeHidden civsTurbo modeCheats
Victory
Defeat
🇳🇱 Hindustanis · Netherlands
1237
+16
🇨🇿 Tatars · Czechia
1228
-16
starlord
2:28 Loom
11:07 Feudal Age
13:39 Double-Bit Axe
18:52 Castle Age
19:12 Fletching
19:35 Forging
19:59 Bow Saw
21:42 Medium Warships
23:14 Crossbowman
26:00 Bodkin Arrow
26:05 Padded Archer Armor
26:31 Gold Mining
28:58 Ballistics
29:16 Iron Casting
29:21 Bloodlines
29:12 Husbandry
32:37 Scale Barding Armor
37:04 Imperial Age
35:32 Horse Collar
38:03 Heavy Camel Rider
39:04 Bracer
40:05 Blast Furnace
39:57 Chain Barding Armor
Raudius
8:18 Loom
10:29 Feudal Age
10:59 Double-Bit Axe
15:25 Castle Age
14:57 Horse Collar
16:22 Bloodlines
19:26 Fletching
21:15 Wheelbarrow
21:42 Scale Barding Armor
22:13 Husbandry
24:14 Chain Barding Armor
24:38 Forging
26:53 Hand Cart
27:24 Scale Mail Armor
27:27 Squires
27:16 Arson
28:15 Bow Saw
29:34 Chain Mail Armor
31:37 Iron Casting
35:11 Imperial Age
32:24 Light Cavalry
37:59 Chemistry
37:49 Plate Barding Armor
36:43 Heavy Camel Rider
39:54 Blast Furnace
39:39 Masonry
39:37 Siege Engineers
39:00 Imperial Camel Rider
Connection lost

Rejoining the realm…

Still unreachable

The connection could not be restored.

Session expired

The server has moved on; the page needs a fresh start.